 Dungeon Crawl Stone Soup version 0.22-a0-525-gf69a080 (webtiles) character file.

275 pk666 the Magician (level 6, 0/32 HPs)
             Began as a Deep Elf Fire Elementalist on June 20, 2018.
             Killed by miscasting Sticky Flame (18 damage)
             ... on level 2 of the Dungeon.
             The game lasted 00:05:51 (2372 turns).

pk666 the Magician (Deep Elf Fire Elementalist)     Turns: 2372, Time: 00:05:53

Health: 0/32       AC:  3    Str:  5    XL:     6   Next: 3%
Magic:  5/15       EV: 13    Int: 22    God:
Gold:   71         SH:  0    Dex: 15    Spells: 7/15 levels left

rFire    . . .     SeeInvis .   p - staff of air
rCold    . . .     Gourm    .   (no shield)
rNeg     . . .     Faith    .   a - +0 robe
rPois    .         Spirit   .   (no helmet)
rElec    +         Reflect  .   o - +0 cloak
rCorr    .         Harm     .   (no gloves)
MR       .....                  (no boots)
Stlth    ++........             h - amulet of magic regeneration
HPRegen  0.10/turn              (no ring)
MPRegen  0.39/turn              (no ring)

@: very slightly contaminated
A: no striking features
a: no special abilities


You were on level 2 of the Dungeon.
You were hungry.

You visited 1 branch of the dungeon, and saw 2 of its levels.

You collected 71 gold pieces.

Inventory:

Armour
 a - a +0 robe (worn)
 o - a +0 cloak (worn)
Magical Staves
 p - an uncursed staff of air (weapon)
Jewellery
 h - an amulet of magic regeneration (around neck)
Wands
 k - a wand of paralysis (14)
Scrolls
 b - a scroll of teleportation {unknown}
 e - 6 scrolls of remove curse {unknown}
 f - 4 scrolls of identify {unknown}
 g - 2 scrolls of enchant weapon {unknown}
 l - a scroll of immolation {unknown}
 m - a scroll of random uselessness {unknown}
 q - a scroll of blinking {unknown}
Potions
 d - a potion of brilliance {unknown}
 i - 2 potions of ambrosia {unknown}
 j - 3 potions of curing {unknown}
 n - a potion of invisibility {unknown}
Comestibles
 c - 5 rations
 r - a chunk of flesh


   Skills:
 - Level 2.4 Dodging
 - Level 2.4 Stealth
 + Level 5.0 Spellcasting
 + Level 4.7 Conjurations
 + Level 4.6 Fire Magic


You had 7 spell levels left.
You knew the following spells:

 Your Spells              Type           Power        Failure   Level  Hunger
a - Flame Tongue          Conj/Fire      ####.        1%          1    None
b - Sticky Flame          Conj/Fire      ####....     14%         4    ####...
c - Conjure Flame         Conj/Fire      ####....     4%          3    ##.....

Your spell library contained the following spells:

 Spells                   Type           Power        Failure   Level  Hunger
 Fireball                 Conj/Fire      ####......   38%         5    #####..
 Throw Flame              Conj/Fire      ####..       2%          2    None
 Inner Flame              Hex/Fire       ###.....     12%         3    ##.....


Dungeon Overview and Level Annotations

Branches:
Dungeon (2/15)

Altars:


Message History

The acid burns!
Casting: Conjure Flame (safe; 4% risk of failure)
Confirm with . or Enter, or press ? or * to list all spells.
Aiming: Sticky Flame (slightly dangerous; 16% risk of failure)
Press: ? - help, Shift-Dir - straight line, f - jelly
Aim: a jelly You miscast Sticky Flame.
You are very lightly contaminated with residual magic.
Your skin tingles.
The ooze is engulfed in blazing flames.
You kill the ooze!
The jelly hits you.
You are splashed with acid!
The acid burns!
Casting: Sticky Flame (safe; 14% risk of failure)
Confirm with . or Enter, or press ? or * to list all spells.
Aiming: Sticky Flame (safe; 14% risk of failure)
Press: ? - help, Shift-Dir - straight line, f/p - jelly
Aim: a jelly You miscast Sticky Flame.
You are caught in a fiery explosion!
The explosion engulfs you!
Ouch! That really hurt!
You die...

#.# #######.#.###.####.. #.#
.................... #.#
########.####)####.. #.# #..#
#.####.. #.# ####### #.......
###.#####%.....##.#########......
#......##.P.÷..#.#.#....###..###.
#.#.#####...÷..#.#.#.....##(.# #.
....#####......#@#'#......'(.# #.
.......##.....J#J#...)....'..# #.
#.#######÷PP..÷#§#........'.## #[
#.# #÷.....#)#.......##.# #. #.#
#.PPP..'##......##### #. #.#
#...÷..########## #. #.# #######
#. #.# ########### #. #.#
#..##.....# ###.


You could see a jelly.

Vanquished Creatures
  A jelly (D:2)
  Crazy Yiuf (D:2)
  Jessica (D:2)
  An orc wizard (D:2)
  4 gnolls (D:2)
  An adder (D:2)
  9 oozes (D:2)
  2 worms (D:2)
  4 orcs (D:2)
  2 ball pythons (D:2)
  8 bats
  4 giant cockroaches
  5 goblins
  8 hobgoblins
  3 jackals (D:2)
  11 kobolds
  4 frilled lizards
  6 rats
75 creatures vanquished.

Vanquished Creatures (others)
  3 fungi (D:2)
  6 toadstools (D:2)
9 creatures vanquished.

Grand Total: 84 creatures vanquished

Notes
Turn   | Place    | Note
-------+----------+-------------------------------------------
     0 | D:1      | pk666 the Deep Elf Fire Elementalist began the quest for the Orb.
     0 | D:1      | Reached XP level 1. HP: 10/10 MP: 6/6
   229 | D:1      | Reached XP level 2. HP: 15/15 MP: 6/8
   955 | D:2      | Reached XP level 3. HP: 19/19 MP: 5/10
  1097 | D:2      | Reached XP level 4. HP: 7/24 MP: 2/11
  1405 | D:2      | Reached skill level 4 in Spellcasting
  1729 | D:2      | Noticed Jessica
  1732 | D:2      | Killed Jessica
  1732 | D:2      | Reached XP level 5. HP: 28/28 MP: 10/13
  1783 | D:2      | Found a runed door.
  1789 | D:2      | Learned a level 4 spell: Sticky Flame
  1793 | D:2      | Learned a level 3 spell: Conjure Flame
  1796 | D:2      | Noticed Crazy Yiuf
  1803 | D:2      | Killed Crazy Yiuf
  2356 | D:2      | Reached skill level 5 in Spellcasting
  2358 | D:2      | Reached XP level 6. HP: 32/32 MP: 12/15
  2372 | D:2      | Killed by miscasting Sticky Flame

Vault maps used:
D:1:      minmay_arrival_floating_metal
D:2:      cheibrodos_fertilizer, roderic_roman_lattice, uniq_jessica,
          uniq_crazy_yiuf_cottage

Skill      XL: |  1  2  3  4  5 |
---------------+----------------+-----
Conjurations   | 2 3 4 |  4.7
Spellcasting   | 4 5 |  5.0
Fire Magic     | 4 |  4.6
Dodging        | |  2.4
Stealth        | |  2.4

Action                   |  1- 3 |  4- 6 || total
-------------------------+-------+-------++-------
Melee: Unarmed           |       |     1 ||     1
       Staff             |       |     2 ||     2
 Cast: Flame Tongue      |    57 |    60 ||   117
       Conjure Flame     |       |     5 ||     5
  Eat: Chunk             |       |     4 ||     4
Armor: Robe              |     2 |     2 ||     4
Dodge: Dodged            |    12 |    13 ||    25

Table legend:
 A = Spawn XP
 B = Non-spawn XP
 C = Spawn XP percentage of total XP
 D = Spawn monster count
 E = Non-spawn monster count
 F = Spawn count percentage of total count
 G = Total turns spent on level
                    A         B        C        D         E        F      G
               +---------+---------+-------+---------+---------+-------+---------
         Total |       0 |     393 |   0.0 |       0 |      75 |   0.0 |  2372
               +---------+---------+-------+---------+---------+-------+---------
           D:1 |       0 |      37 |   0.0 |       0 |      23 |   0.0 |   950
           D:2 |       0 |     356 |   0.0 |       0 |      52 |   0.0 |  1422
               +---------+---------+-------+---------+---------+-------+---------
